 Dungeon Crawl Stone Soup version 0.21.1-1-g345015fe64 (webtiles) character file.

947 Oravi the Insei (level 8, -5/55 HPs)
             Began as a Merfolk Transmuter on Apr 12, 2018.
             Killed by divine providence
             ... invoked by an orc priest
              (16 damage)
             ... on level 5 of the Dungeon.
             The game lasted 00:17:01 (5682 turns).

Oravi the Insei (Merfolk Transmuter)                Turns: 5682, Time: 00:17:08

Health: -5/55      AC:  2    Str: 10    XL:     8   Next: 13%
Magic:  16/20      EV: 24    Int: 15    God:
Gold:   212        SH:  0    Dex: 19    Spells: 5/11 levels left

rFire    . . .     SeeInvis .     - Unarmed
rCold    . . .     Gourm    .   (shield currently unavailable)
rNeg     . . .     Faith    .   (armour currently unavailable)
rPois    x         Spirit   .   (helmet currently unavailable)
rElec    .         Reflect  .   (cloak currently unavailable)
rCorr    .         Harm     .   (gloves currently unavailable)
MR       .....                  (boots currently unavailable)
Stlth    ++........             (no amulet)
HPRegen  0.18/turn              f - ring of magical power
MPRegen  0.17/turn              (no ring)

@: spider-form (expiring)
A: tiny, (change form in water), (swift swim), (stealthy swim)
a: End Transformation


You were on level 5 of the Dungeon.
You were not hungry.
You were a venomous arachnid creature.
You visited 1 branch of the dungeon, and saw 5 of its levels.

You collected 212 gold pieces.

Inventory:

Missiles
 a - 84 arrows
Armour
 b - a +1 robe (melded)
 h - a scarf of spirit shield
 n - a scarf of repulsion (melded)
Jewellery
 f - a ring of magical power (left front leg)
Scrolls
 g - 2 scrolls of remove curse
 j - a scroll of amnesia
 o - 2 scrolls of teleportation
Potions
 e - 2 potions of agility
 k - 2 potions of might
 l - 2 potions of haste
 m - 3 potions of heal wounds
Books
 c - a book of Changes

   Spells                             Type                      Level
   a - Beastly Appendage              Transmutation                1
   b - Sticks to Snakes               Transmutation                2
   c - Spider Form                    Transmutation/Poison         3
   d - Ice Form                       Ice/Transmutation            4
   e - Blade Hands                    Transmutation                5
 i - a book of Debilitation

   Spells                             Type                      Level
   a - Corona                         Hexes                        1
   b - Slow                           Hexes                        2
   c - Inner Flame                    Hexes/Fire                   3
   d - Portal Projectile              Hexes/Translocation          3
   e - Cause Fear                     Hexes                        4
   f - Leda's Liquefaction            Hexes/Earth                  4
Comestibles
 d - 7 rations


   Skills:
 + Level 1.6 Fighting
 + Level 4.9 Dodging
 + Level 7.0 Unarmed Combat
 - Level 2.0 Spellcasting
 * Level 6.7 Transmutations
 * Level 4.2 Poison Magic


You had 5 spell levels left.
You knew the following spells:

 Your Spells              Type           Power        Failure   Level  Hunger
a - Beastly Appendage     Tmut           ###...       6%          1    #......
b - Sticks to Snakes      Tmut           ###.....     9%          2    ###....
c - Spider Form           Tmut/Pois      ###.......   19%         3    ###....


Dungeon Overview and Level Annotations

Branches:
Dungeon (5/15)
 Temple: D:4-7

Altars:
Fedhas
Trog
Vehumet

Annotations:
D:3 1 runed door
D:4 Unreal's ghost, amateur MfSk


Message History

The orc priest mumbles some strange prayers to Beogh against you.
Something completely misses you.
You barely miss something. Something hits you.
You barely miss something.
You hear some strange, mumbled words.
A magic dart appears from out of thin air!
The magic dart hits you!
You barely miss something.
You hear some strange, mumbled words.
A puff of flame appears from out of thin air!
The puff of flame hits you!
* * * LOW HITPOINT WARNING * * *
Something misses you.
You hit something.
Your transformation is almost over.
Something hits you.
* * * LOW HITPOINT WARNING * * *
The orc priest invokes the aid of Beogh against you.
Beogh smites you!
You die...

## ## ####.
.#### ....#
#!...#
#..#†.##.#
#.o.# #.#
##.## #.#
#)####.#
####.##.#.####
#[..o.s......#
#.#####.#.##.#
# #.#.# #.#.#
#.#.# ##.#.#
#....# #..###
#..#


You could see an orc priest.

Vanquished Creatures
  The ghost of Ivernyr the Ogre Mage, an amateur OgWz (D:3)
  A crimson imp (D:2)
  5 hounds
  A jelly (D:5)
  An orc priest (D:3)
  A bullfrog skeleton (D:3)
  An orc wizard (D:3)
  A centaur skeleton (D:5)
  3 iguanas
  2 worker ants
  A worker ant zombie (D:5)
  8 gnolls
  6 adders
  A shadow imp (D:5)
  An ooze (D:3)
  An adder skeleton (D:4)
  3 worms
  2 dart slugs (D:1)
  2 leopard geckos
  17 orcs
  3 ball pythons
  10 bats
  6 giant cockroaches
  8 goblins
  7 hobgoblins
  5 quokkas
  3 frilled lizards
  A giant cockroach zombie (D:4)
  6 kobolds
  8 rats
116 creatures vanquished.

Notes
Turn   | Place    | Note
-------+----------+-------------------------------------------
     0 | D:1      | Oravi the Merfolk Transmuter began the quest for the Orb.
     0 | D:1      | Reached XP level 1. HP: 15/15 MP: 3/3
    53 | D:1      | Reached XP level 2. HP: 21/21 MP: 3/5
  1211 | D:1      | Reached XP level 3. HP: 25/26 MP: 4/6
  1215 | D:1      | Learned a level 2 spell: Sticks to Snakes
  1219 | D:1      | Learned a level 3 spell: Spider Form
  1226 | D:1      | Reached skill level 4 in Unarmed Combat
  1457 | D:2      | Reached XP level 4. HP: 5/32 MP: 2/7
  2277 | D:2      | Reached skill level 1 in Poison Magic
  2277 | D:2      | Reached XP level 5. HP: 37/37 MP: 3/8
  2851 | D:3      | Reached skill level 5 in Transmutations
  2873 | D:3      | Reached skill level 5 in Unarmed Combat
  3089 | D:3      | Reached XP level 6. HP: 34/43 MP: 6/9
  3159 | D:3      | Noticed Ivernyr's ghost (amateur OgWz)
  3184 | D:3      | Killed Ivernyr's ghost
  3184 | D:3      | Reached XP level 7. HP: 39/48 MP: 1/10
  3505 | D:3      | Found a bloodstained altar of Trog.
  3505 | D:3      | Found a radiant altar of Vehumet.
  3633 | D:3      | Found a runed door.
  3849 | D:3      | Reached skill level 6 in Unarmed Combat
  4330 | D:4      | Noticed Unreal's ghost (amateur MfSk)
  5038 | D:4      | Found a blossoming altar of Fedhas.
  5155 | D:5      | Entered Level 5 of the Dungeon
  5217 | D:5      | Reached XP level 8. HP: 31/54 MP: 11/11
  5656 | D:5      | Reached skill level 7 in Unarmed Combat
  5682 | D:5      | Killed from afar by an orc priest

Skill      XL: |  1  2  3  4  5  6  7  8 |
---------------+-------------------------+-----
Transmutations | 3 4 5 6 |  6.7
Unarmed Combat | 4 5 6 7 |  7.0
Dodging        | 3 4 |  4.9
Poison Magic   | 1 2 3 4 |  4.2
Fighting       | |  1.6
Spellcasting   | |  2.0

Action                   |  1- 3 |  4- 6 |  7- 9 || total
-------------------------+-------+-------+-------++-------
Melee: Unarmed           |    79 |   102 |   146 ||   327
       Headbutt          |     5 |     1 |       ||     6
       Punch             |     1 |       |       ||     1
 Cast: Beastly Appendage |    16 |     1 |       ||    17
       Spider Form       |     4 |    16 |    25 ||    45
       Sticks to Snakes  |       |     3 |       ||     3
  Use: Scroll            |     4 |     3 |     6 ||    13
       Potion            |       |     2 |       ||     2
 Stab: Sleeping          |     2 |     1 |     1 ||     4
  Eat: Chunk             |     3 |     8 |     9 ||    20
       Ration            |       |       |     1 ||     1
Armor: Robe              |     9 |       |       ||     9
       Skin              |       |     5 |     2 ||     7
Dodge: Dodged            |    50 |   114 |   117 ||   281
